Map: Catalyst LE

Players

Infamous - Winner!

  • Race: Protoss Protoss
  • League: Gold
  • Spawn Location: 5:00

powermoves

  • Race: Terran Terran
  • League: Gold
  • Spawn Location: 11:00

VOD

Have the link to the VOD?

Description

Time

  • Played on: April 17, 2018, 12:03 p.m.
  • Length: 16:27
Show
View Real Time Build Order
Export as new Build Order

Infamous Protoss - Winner!

Build Orders:  

Get SALT Encoding   

  12  0:02  Probe  
  13  0:16  Probe  
  13  0:19  Pylon  
  15  0:28  Probe  
  15  0:41  Gateway  
  15  0:42  Probe  
  16  0:57  Probe  
  16  0:59  Assimilator  
  17  1:23  Probe (Chrono Boost)  
  18  1:29  Cybernetics Core  
  18  1:36  Probe (Chrono Boost)  
  18  1:38  Gateway  
  19  1:42  Assimilator  
  19  1:44  Pylon  
  19  1:47  Probe  
  19  1:59  Probe  
  20  2:06  Robotics Facility  
  20  2:17  Stalker  
  22  2:42  Stalker  
  22  2:43  Probe  
  24  2:55  Stalker  
  26  3:09  Probe  
  26  3:12  Observer  
  28  3:24  Probe  
  28  3:26  Pylon  
  29  3:36  Probe  
  30  3:44  Sentry (Chrono Boost)  
  32  3:49  Warp Gate  
  32  4:19  Nexus  
  32  4:31  Stalker (Chrono Boost)  
  32  4:32  Stalker (Chrono Boost)  
  36  4:58  Pylon  
  36  5:16  Immortal  
  40  5:22  Sentry x2  
  40  5:26  Shield Battery  
  40  5:27  Shield Battery  
  40  5:29  Probe  
  41  5:41  Gateway  
  41  5:42  Gateway  
  42  5:44  Probe (Chrono Boost)  
  42  5:49  Probe (Chrono Boost)  
  43  6:01  Immortal  
  47  6:07  Twilight Council  
  47  6:16  Probe x2, Pylon  
  49  6:19  Sentry  
  51  6:36  Zealot  
  51  6:39  Immortal (Chrono Boost)  
  53  6:41  Charge (Chrono Boost)  
  57  6:53  Probe (Chrono Boost)  
  59  6:56  Probe (Chrono Boost), Assimilator  
  59  7:05  Probe (Chrono Boost)  
  60  7:10  Probe (Chrono Boost)  
  60  7:12  Probe (Chrono Boost)  
  62  7:25  Stalker  
  62  7:26  Stalker x3  
  70  8:00  Nexus  
  70  8:01  Shield Battery  
  70  8:05  Pylon  
  70  8:07  Pylon  
  70  8:23  Probe x2, Immortal  
  76  8:49  Pylon  
  76  8:54  Probe x2  
  78  8:57  Blink (Chrono Boost)  
  78  9:06  Probe x2  
  78  9:08  Forge x2, Stalker x2  
  78  9:09  Stalker  
  86  9:11  Adept  
  88  9:33  Probe x2  
  88  9:35  Templar Archives  
  88  9:36  Probe  
  91  9:45  Probe  
  92  9:46  Assimilator  
  92  9:48  Zealot x2  
  92  9:49  Zealot x2  
  100  9:53  Probe x2  
  100  9:58  Pylon  
  102  10:00  Probe, Photon Cannon  
  103  10:08  Immortal (Chrono Boost)  
  107  10:16  Pylon  
  107  10:20  Psionic Storm  
  107  10:26  High Templar x2  
  107  10:27  High Templar x2  
  115  10:41  Protoss Ground Weapons Level 1 (Chrono Boost)  
  115  10:51  Probe x3  
  118  10:59  Photon Cannon  
  118  11:01  Photon Cannon  
  118  11:02  Archon x2  
  118  11:03  Probe x2  
  118  11:04  Probe, Photon Cannon  
  121  11:08  Assimilator  
  121  11:15  Probe  
  121  11:19  Warp Prism  
  123  11:30  High Templar  
  125  11:37  Pylon  
  125  11:40  Pylon  
  125  11:59  Protoss Ground Armor Level 1 (Chrono Boost)  
  125  12:00  Shield Battery  
  125  12:01  Photon Cannon  
  125  12:02  Photon Cannon  
  125  12:05  Pylon  
  125  12:07  Immortal  
  129  12:14  Stalker x3  
  129  12:15  Stalker  
  107  12:54  Zealot x3  
  107  12:55  Stalker  
  109  13:18  Stalker  
  109  13:19  Stalker x2  
  111  13:35  Stalker  
  113  13:43  Photon Cannon  
  109  13:59  Nexus  
  109  14:03  Pylon  
  109  14:04  Stalker x3  
  109  14:05  Pylon, Stalker  
  109  14:07  Pylon  
  109  14:08  Immortal  
  89  14:34  High Templar x2  
  89  14:35  High Templar x2  
  89  14:38  Probe x3  
  94  14:46  Photon Cannon  
  94  14:49  Immortal, Photon Cannon  
  94  14:50  Probe x2, Photon Cannon  
  100  14:53  Photon Cannon  
  100  14:55  Photon Cannon  
  100  14:57  Photon Cannon  
  100  15:04  Shield Battery  
  100  15:07  Shield Battery  
  100  15:10  Shield Battery  
  100  15:12  Gateway, Shield Battery  
  100  15:14  Gateway  
  100  15:16  Gateway  
  100  15:18  Shield Battery  
  100  15:20  Shield Battery  
  100  15:21  Probe  
  100  15:22  Probe x3  
  100  15:24  Pylon, Shield Battery  
  100  15:25  Shield Battery  
  100  15:27  Shield Battery  
  104  15:28  Photon Cannon  
  104  15:30  High Templar x4  
  104  15:33  Probe  
  109  15:39  Immortal  
  113  15:49  Robotics Facility  
  113  15:55  Archon x3  
  113  16:03  High Templar x3  
  113  16:04  High Templar  
  121  16:08  Probe x3  
  124  16:19  Assimilator  
Show
View Real Time Build Order
Export as new Build Order

powermoves Terran 

Build Orders: Reaper Expand 

Get SALT Encoding   

  12  0:01  SCV  
  13  0:13  SCV  
  14  0:26  Supply Depot  
  14  0:27  SCV  
  15  0:35  Refinery  
  15  0:47  SCV  
  16  0:51  Barracks  
  16  1:00  SCV  
  17  1:12  Supply Depot, SCV  
  18  1:24  SCV  
  19  1:39  Barracks  
  19  1:40  Reaper  
  20  2:03  Refinery, Orbital Command  
  20  2:12  Reaper  
  20  3:11  Command Center  
  20  3:20  Factory  
  20  3:21  SCV  
  20  3:22  Engineering Bay  
  20  3:23  Marine  
  22  3:30  Bunker  
  22  3:33  SCV  
  24  3:41  Marine  
  25  3:58  Missile Turret  
  25  3:59  Marine  
  25  4:03  Bunker  
  25  4:13  Factory Tech Lab  
  25  4:15  Starport  
  25  4:16  Marine  
  26  4:24  Refinery  
  26  4:25  Planetary Fortress  
  26  4:34  Marine  
  27  4:45  Siege Tank  
  30  4:52  Marine  
  30  5:10  Marine  
  31  5:17  Siege Tank  
  34  5:26  SCV  
  34  5:28  Marine  
  36  5:34  Starport, Starport Tech Lab  
  36  5:38  SCV  
  37  5:43  Command Center  
  37  5:45  Marine  
  38  5:50  Terran Infantry Weapons Level 1  
  38  5:51  Armory  
  38  5:55  SCV  
  39  6:01  Missile Turret  
  39  6:05  SCV  
  39  6:07  SCV  
  41  6:17  SCV  
  41  6:18  Starport Tech Lab  
  42  6:19  SCV  
  42  6:22  Starport  
  43  6:35  Missile Turret  
  43  6:45  Missile Turret  
  43  6:46  Terran Ship Weapons Level 1  
  43  6:56  SCV  
  43  6:58  Refinery  
  44  7:07  Barracks Reactor  
  45  7:08  SCV  
  45  7:25  Starport Tech Lab  
  45  7:39  Missile Turret x2  
  45  7:41  SCV  
  46  7:53  Fusion Core, SCV  
  46  7:58  Bunker  
  47  8:01  Bunker  
  47  8:03  Refinery  
  43  8:30  Siege Tank  
  43  8:40  Terran Vehicle And Ship Armor Level 1  
  43  8:41  Marine x2  
  43  8:43  Battlecruiser  
  51  8:59  Marine x2  
  53  9:03  Siege Tank  
  56  9:28  Marine  
  57  9:33  Supply Depot  
  57  9:35  Siege Tank  
  60  9:44  Bunker  
  60  9:45  Planetary Fortress  
  60  9:49  Marine  
  61  9:54  Marine, Battlecruiser  
  61  9:55  Supply Depot  
  68  10:06  Marine  
  69  10:15  Bunker  
  69  10:17  Marine  
  69  10:20  Refinery  
  70  10:24  Marine  
  70  10:26  SCV  
  72  10:39  SCV  
  73  10:46  Supply Depot  
  73  10:50  Refinery  
  73  10:52  SCV  
  74  11:07  SCV, Battlecruiser  
  81  11:12  Supply Depot  
  81  11:19  SCV  
  81  11:21  Missile Turret  
  82  11:27  Missile Turret  
  82  11:31  SCV  
  83  11:34  SCV  
  84  11:44  Command Center  
  84  11:46  SCV  
  85  11:51  SCV  
  86  11:56  Raven  
  86  11:58  SCV  
  86  11:59  Raven  
  91  12:03  SCV  
  91  12:04  Supply Depot  
  92  12:19  Reaper  
  93  12:26  Reaper  
  50  12:58  Refinery  
  48  13:14  SCV  
  48  13:19  Starport  
  41  13:20  Starport  
  41  13:26  SCV  
  39  13:34  SCV  
  38  13:46  SCV  
  39  13:54  Starport Tech Lab  
  33  14:39  Medivac x2  
  37  14:47  Barracks  
  37  14:51  SCV  
  38  15:02  Medivac x2  
  38  15:03  SCV  
  43  15:09  Medivac  
  45  15:14  Barracks  
  45  15:15  SCV  
  46  15:27  SCV  
  47  15:40  SCV  
  48  15:52  SCV  
  49  16:04  SCV  
Tags
 
League
GoldGold
Matchup
PvT
Replay Pack
Last Remnant (2)
Spawn Locations
Cross Positions
Add a new tag
Caveats
  • Supply blocks, unpowered buildings, or Contaminate may cause inaccurate times.
  • Supply counts are checked every 10 seconds.